Map: Yellowjacket

Players

llllllllllll - Winner!

  • Race: Zerg Zerg
  • Spawn Location: 1:00

llllllllllll - Winner!

  • Race: Protoss Protoss
  • Spawn Location: 3:00

wafs

  • Race: Zerg Zerg
  • Spawn Location: 7:00

EdBenji

  • Race: Zerg Zerg
  • League: Gold
  • Spawn Location: 9:00

VOD

Have the link to the VOD?

Description

Time

  • Played on: May 9, 2026, 3:29 a.m.
  • Length: 5:28
Show
View Real Time Build Order
Export as new Build Order

llllllllllll Zerg - Winner!

Build Orders: Pool First 

Get SALT Encoding   

  12  0:00  Drone  
  13  0:09  Drone  
  14  0:16  Extractor, Drone  
  15  0:21  Overlord  
  15  0:40  Drone x2  
  15  0:42  Extractor  
  16  0:45  Drone  
  17  0:50  Spawning Pool  
  16  0:59  Drone  
  17  1:05  Drone  
  18  1:20  Hatchery  
  17  1:38  Zergling x6  
  20  1:42  Metabolic Boost  
  20  1:51  Queen  
  22  2:00  Overlord  
  22  2:07  Overlord  
  22  2:26  Queen  
  24  2:32  Zergling x8  
  28  2:38  Baneling Nest  
  27  2:50  Zergling x4  
  29  2:55  Zergling x4  
  31  3:00  Zergling x6  
  34  3:09  Zergling x4  
  36  3:22  Baneling x3  
  36  3:25  Zergling x4  
  35  3:34  Zergling x6  
  36  3:47  Zergling x6  
  35  3:54  Zergling x4  
  36  4:03  Zergling x6  
  38  4:12  Zergling x4  
  30  4:23  Baneling  
  30  4:26  Baneling  
  30  4:28  Zergling x6  
  30  4:30  Zergling x2  
  33  4:41  Zergling x6  
  34  4:54  Zergling x6  
  34  5:02  Baneling x3  
  34  5:03  Zergling x2  
  30  5:09  Zergling x4  
Show
View Real Time Build Order
Export as new Build Order

llllllllllll Protoss - Winner!

Build Orders:  

Get SALT Encoding   

  12  0:00  Probe  
  13  0:12  Probe  
  14  0:17  Pylon  
  14  0:24  Probe  
  15  0:35  Probe, Gateway  
  16  0:43  Probe  
  16  0:48  Assimilator  
  17  0:52  Probe  
  18  0:57  Assimilator  
  18  1:04  Probe  
  18  1:10  Gateway  
  19  1:17  Probe  
  20  1:23  Cybernetics Core  
  20  1:29  Probe  
  21  1:36  Pylon  
  21  1:38  Warp Gate  
  21  1:41  Probe  
  22  1:55  Gateway  
  22  1:57  Stalker  
  24  2:03  Stalker  
  26  2:15  Pylon  
  26  2:24  Stalker  
  28  2:31  Stalker  
  30  2:39  Stalker  
  32  3:05  Nexus  
  32  3:26  Stalker x2  
  36  3:29  Stalker  
  38  3:35  Pylon  
  38  3:53  Stalker x2  
  42  4:02  Stalker  
  44  4:23  Stalker x2  
  48  4:25  Probe  
  48  4:26  Probe  
  48  4:45  Stalker  
  48  5:07  Stalker  
  48  5:08  Stalker  
Show
View Real Time Build Order
Export as new Build Order

wafs Zerg 

Build Orders: Hatch First 

Get SALT Encoding   

  12  0:00  Drone  
  13  0:09  Drone  
  14  0:14  Extractor  
  14  0:15  Drone  
  15  0:21  Overlord  
  15  0:42  Drone  
  16  0:46  Hatchery  
  16  0:49  Drone  
  16  0:52  Drone  
  16  0:56  Drone  
  18  1:06  Extractor  
  17  1:12  Spawning Pool  
  17  1:14  Drone  
  17  1:17  Drone  
  18  1:26  Drone  
  19  1:50  Drone x2  
  21  1:59  Overlord  
  21  2:00  Queen  
  23  2:03  Queen  
  23  2:05  Zergling x2  
  26  2:10  Drone x2  
  26  2:11  Metabolic Boost  
  28  2:37  Spine Crawler  
  28  2:41  Drone x2  
  29  2:45  Roach Warren, Zergling x8  
  29  2:49  Queen  
  34  2:54  Overlord  
  34  3:07  Spine Crawler  
  34  3:09  Queen  
  35  3:20  Overlord  
  35  3:24  Zergling x2  
  34  3:35  Zergling x2  
  34  3:36  Zergling x2  
  33  3:42  Zergling x2  
  33  3:43  Zergling x6  
  34  3:53  Queen  
  27  4:03  Roach x2  
  28  4:18  Roach x2  
  28  4:23  Roach x3  
  36  4:37  Queen  
  32  4:52  Roach x3  
Show
View Real Time Build Order
Export as new Build Order

EdBenji Zerg 

Build Orders: Hatch First 

Get SALT Encoding   

  12  0:00  Drone  
  13  0:12  Drone  
  13  0:14  Extractor  
  13  0:15  Drone  
  15  0:23  Overlord  
  15  0:44  Drone  
  15  0:49  Hatchery  
  15  0:54  Drone  
  15  0:56  Drone  
  17  1:00  Drone  
  18  1:16  Spawning Pool  
  17  1:19  Extractor  
  16  1:33  Drone  
  16  1:34  Drone x2  
  19  1:44  Drone  
  20  1:55  Overlord  
  20  2:02  Queen  
  20  2:03  Queen  
  20  2:08  Zergling x2  
  25  2:10  Zergling x2  
  26  2:18  Metabolic Boost  
  26  2:31  Drone x3  
  26  2:32  Drone  
  30  2:42  Drone  
  30  2:43  Drone  
  32  2:48  Roach Warren  
  32  2:49  Extractor  
  30  2:51  Overlord  
  30  2:58  Overlord  
  30  3:06  Spine Crawler  
  29  3:13  Spine Crawler  
  28  3:22  Overlord x2  
  28  3:24  Zergling x2  
  29  3:28  Roach  
  29  3:32  Roach  
  29  3:36  Roach  
  31  3:41  Roach  
  32  3:55  Roach x2  
  36  4:07  Roach x3  
  40  4:11  Roach  
  36  4:22  Roach x2  
  38  4:30  Roach  
  30  4:59  Overlord x2  
Tags
 
Add a new tag
Caveats
  • Supply blocks, unpowered buildings, or Contaminate may cause inaccurate times.
  • Supply counts are checked every 10 seconds.